 Dungeon Crawl Stone Soup version 0.31-a0-18-gea43df2a32 (webtiles) character file.

Game seed: 498356226345193556

32 Conn the Firebug (level 3, -3/21 HPs)
             Began as an Octopode Fire Elementalist on May 10, 2023.
             Slain by an orc wizard
             ... wielding a +0 dagger
              (4 damage)
             ... on level 4 of the Dungeon.
             The game lasted 00:02:33 (1295 turns).

Conn the Firebug (Octopode Fire Elementalist)       Turns: 1295, Time: 00:02:33

Health: -3/21      AC:  1    Str: 13    XL:     3   Next: 25%
Magic:  2/6        EV: 13    Int: 19    God:
Gold:   32         SH:  0    Dex: 12    Spells: 5/6 levels left

rFire   . . .        g - staff of poison
rCold   . . .        (no shield)
rNeg    . . .        (helmet restricted)
rPois   +            (no amulet)
rElec   .            e - +6 ring of strength
rCorr   .            (no ring)
SInv    .            (no ring)
Will    .....        (no ring)
Stlth   +++          (no ring)
HPRegen 0.23/turn    (no ring)
MPRegen 0.10/turn    (no ring)
                     (no ring)

%: no passive effects
@: attractive
A: almost no armour, amphibious, 8 rings, camouflage 1, gelatinous body 1,
(nimble swimmer 1), tentacles
a: no special abilities


You were on level 4 of the Dungeon.
You visited 1 branch of the dungeon, and saw 3 of its levels.

You collected 32 gold pieces.

Inventory:

Magical Staves
 g - a staff of poison (weapon)
Jewellery
 e - a +6 ring of strength (left tentacle)
Scrolls
 d - a scroll of teleportation {unknown}
 f - a scroll of amnesia {unknown}
 h - a scroll of butterflies {unknown}
 i - a scroll of fear {unknown}
 k - a scroll of identify {unknown}
Potions
 a - a potion of magic


   Skills:
 + Level 2.2 Dodging
 + Level 2.8 Stealth
 + Level 2.3 Spellcasting
 + Level 1.5 Conjurations
 + Level 3.6 Fire Magic


You had 5 spell levels left.
You knew the following spells:

 Your Spells              Type           Power      Damage    Failure   Level
a - Foxfire               Conj/Fire      44%        2x1d6     6%          1

Your spell library contained the following spells:

 Spells                   Type           Power      Damage    Failure   Level
 Scorch                   Fire           30%        2d6       5%          2
 Inner Flame              Hex/Fire       9%         N/A       24%         3
 Volatile Blastmotes      Fire/Tloc      18%        2d11      24%         3
 Flame Wave               Conj/Fire      11%        2d6       50%         4


Dungeon Overview and Level Annotations

Branches:
Dungeon (2/15)

Altars:


Innate Abilities, Weirdness & Mutations

You cannot wear most types of armour.
You are amphibious.
You can wear up to eight rings at the same time.
Your skin changes colour to match your surroundings (Stealth+).
Your rubbery body absorbs attacks. (AC +1, EV +1)
((You are camouflaged when in or above water. (Stealth+)))
You have tentacles for arms and can constrict up to eight enemies at once.


Message History

Confirm with . or Enter, or press ? or * to list all spells.
You don't have enough magic to cast this spell.
Unknown command.
The foxfire hits the orc.
You kill the orc!
The foxfire hits something.
Unknown command.
Found 7 gold pieces.
Found a stone staircase leading down.
You are confused.
It was a potion of heal wounds.
You feel much better.
It was a potion of curing.
You feel better.
A scorpion comes into view.
You hear some strange, mumbled words.
You are confused.
You hear some strange, mumbled words.
You are more confused.
An adder comes into view.
Okay, then.
You bump into the rock wall.
An orc comes into view. It is wielding a +0 short sword.
Found 2 stones.
You bump into the rock wall.
The adder hisses angrily.
You bump into the rock wall.
The orc closely misses you. Something hits you.
The orc hits you from afar with a +0 trident of flaming!
The orc burns you.
It was a potion of attraction.
You feel attractive to monsters. The orc closely misses you.
Something hits you.
* * * LOW HITPOINT WARNING * * *
The orc hits you with a +0 club.
* * * LOW HITPOINT WARNING * * *
The adder is attracted toward you. The orc is attracted toward you.
Something is attracted toward you.
It was a potion of cancellation.
Your magical effects are unravelling.
You feel magically purged.
You feel less confused. The adder barely misses you. Something hits you.
You die...

.(.... ......
#...........
.... .....>
#..##.........
##§..#.........
#S...$.....#..
#@...........
#.oo.......# o.
#..§§####.##...
##.............
##..##..†....#
####§.#..).##
##..# ..##
##...# .#
#....##..##


You could see an adder and 2 orcs.

Vanquished Creatures
  2 dart slugs
  An orc (D:4)
  4 ball pythons (D:1)
  2 endoplasms (D:1)
  A giant cockroach (D:1)
  2 goblins (D:1)
  2 hobgoblins (D:1)
  5 jackals (D:1)
  2 bats (D:1)
  A kobold (D:1)
  A rat (D:1)
23 creatures vanquished.

Vanquished Creatures (others)
  81 foxfires
81 creatures vanquished.

Grand Total: 104 creatures vanquished

Notes
Turn   | Place    | Note
-------+----------+-------------------------------------------
     0 | D:1      | Conn the Octopode Fire Elementalist began the quest for the
                  | Orb.
     0 | D:1      | Reached XP level 1. HP: 11/11 MP: 3/3
   127 | D:1      | Found a faded altar of an unknown god.
   222 | D:1      | Reached XP level 2. HP: 17/17 MP: 0/5
   884 | D:1      | Reached XP level 3. HP: 11/21 MP: 1/6
  1263 | D:2      | You fall into a shaft and drop 2 floors!
  1286 | D:4      | Noticed a scorpion
  1294 | D:4      | HP: 1/21 [orc/+0 club (3)]
  1295 | D:4      | Slain by an orc wizard

Illustrated notes

Levels and vault maps discovered:
D:1:      tarquinn_simple_flora_water_d, layout_basic, serial_forest,
          infiniplex_forest_clump_double, infiniplex_forest_straight_4,
          infiniplex_forest_end_2, infiniplex_forest_lined_2,
          infiniplex_forest_lined_room_2, infiniplex_forest_straight_2,
          infiniplex_forest_clump_diagonal, infiniplex_forest_corner_1,
          infiniplex_forest_corner_1, hellmonk_ecumenical_altar_arch_garden
D:2:      cheibrodos_fertilizer, layout_loops_corners
D:4:      layout_cave_pools, kennysheep_slug_shrine, gammafunk_ghost_cemetery

Action                     || total
---------------------------++-------
  Melee: Unarmed           ||     4
         Tentacles         ||     3
         Constrict         ||     5
         Staff             ||     3
   Cast: Foxfire           ||    47
    Use: Potion            ||     4
 Armour: Skin              ||     1
  Dodge: Dodged            ||    19

Table legend: (Time is in decaauts)
 A = Elapsed time spent in this place.
 B = Non-inter-level travel time spent in this place.
 C = Inter-level travel time spent in this place.
 D = Time resting spent in this place.
 E = Time spent auto-exploring this place.
 F = Levels seen in this place.
 G = Mean time per level.
                   A        B        C        D        E       F      G
               +--------+--------+--------+--------+--------+-----+--------+
         Total |   1294 |   1283 |     11 |      0 |   1003 |   3 |  431.3 |
       Dungeon |   1294 |   1283 |     11 |      0 |   1003 |   3 |  431.3 |
               +--------+--------+--------+--------+--------+-----+--------+

Top non-repeatable levels by time:
     D:1: 1260 daAuts
     D:4: 31 daAuts
     D:2: 1 daAuts
